 Dungeon Crawl Stone Soup version 0.30-a0-219-gf2db51d15e (webtiles) character file.

Game seed: 1811390001520954329

625 heikuro the Shield-Bearer (level 7, 0/56 HPs)
             Began as a Formicid Fighter on Oct 8, 2022.
             Slain by a frilled lizard (1 damage)
             ... in a sewer.
             The game lasted 00:08:29 (2503 turns).

heikuro the Shield-Bearer (Formicid Fighter)        Turns: 2503, Time: 00:08:30

Health: 0/56       AC: 11    Str: 27    XL:     7   Next: 76%
Magic:  7/7        EV:  5    Int: 13    God:
Gold:   131        SH:  6    Dex: 15    Spells: 6/6 levels left

rFire   . . .      SeeInvis +    a - +0 flail
rCold   . . .      Faith    .    c - +0 buckler
rNeg    . . .      Spirit   .    l - +0 chain mail
rPois   +          Reflect  .    (helmet unavailable)
rElec   .          Harm     .    k - +0 cloak {rPois}
rCorr   .          Rampage  .    (no gloves)
Will    .....                    (no boots)
Stlth   ..........               (no amulet)
HPRegen 0.29/turn                f - +6 ring of intelligence
MPRegen 0.10/turn                n - +6 ring of strength

@: mighty, constricted
A: permanent stasis, dig shafts and tunnels, antennae 3, four strong arms
a: Dig


You were in a sewer.
You visited 1 branch of the dungeon, and saw 3 of its levels.
You also visited: Sewer.

You collected 131 gold pieces.

Inventory:

Hand Weapons
 a - a +0 flail (weapon)
Missiles
 m - 7 poisoned darts
Armour
 c - a +0 buckler (worn)
 k - a +0 cloak of poison resistance (worn)
 l - a +0 chain mail (worn)
Jewellery
 f - a +6 ring of intelligence (left hand)
 n - a +6 ring of strength (right hand)
Scrolls
 i - 3 scrolls of fear {unknown}
 j - 4 scrolls of identify {unknown}
 o - a scroll of teleportation {unknown}
 r - a scroll of summoning {unknown}
Potions
 b - 2 potions of cancellation {unknown}
 e - 3 potions of lignification {unknown}
 g - 2 potions of degeneration {unknown}
 h - a potion of resistance {unknown}
 p - a potion of brilliance {unknown}
 q - a potion of haste {unknown}


   Skills:
 + Level 5.0 Fighting
 * Level 4.7 Long Blades
 - Level 2.0 Maces & Flails
 + Level 5.0 Armour
 + Level 6.1 Shields


You had 6 spell levels left.
You didn't know any spells.
Your spell library was empty.

Dungeon Overview and Level Annotations

Branches:
Dungeon (3/15)              Sewer (1/1)

Altars:

Shops:
D:1 !(


Innate Abilities, Weirdness & Mutations

You cannot be hasted, slowed, berserked, paralysed or teleported.
You can dig through walls and to a lower floor.
You have a pair of large antennae on your head. (SInv)
Your four strong arms can wield two-handed weapons with a shield.


Message History

The bullfrog hits you.
* * * LOW HITPOINT WARNING * * *
The endoplasm jiggles.
The frilled lizard barely misses you.
The ball python bites you but does no damage.
You sock the bullfrog!
You kill the bullfrog!
The ball python bites you but does no damage.
The ball python constricts you.
* * * LOW HITPOINT WARNING * * *
The ball python bites you.
* * * LOW HITPOINT WARNING * * *
The frilled lizard barely misses you. The ball python bites you.
* * * LOW HITPOINT WARNING * * *
The ball python constricts you. The ball python barely misses you.
Your Fighting skill increases to level 5!
Your Armour skill increases to level 5!
You sock the endoplasm!
You kill the endoplasm!
The frilled lizard barely misses you. You block the ball python's attack.
The ball python constricts you. The ball python barely misses you.
A frilled lizard comes into view.
The frilled lizard bites you.
* * * LOW HITPOINT WARNING * * *
You block the ball python's attack. The ball python constricts you.
You closely miss the ball python. You block the ball python's attack.
The ball python bites you but does no damage.
The ball python constricts you. The frilled lizard bites you.
* * * LOW HITPOINT WARNING * * *
The ball python bites you.
* * * LOW HITPOINT WARNING * * *
Unknown command.
Okay, then.
You closely miss the ball python.
The ball python bites you but does no damage.
The ball python constricts you.
The ball python bites you but does no damage.
The frilled lizard unfolds its giant frill.
The frilled lizard bites you.
You die...

≈~≈÷~#
#####≈~~≈~≈#
~~≈~≈#
#≈≈~≈≈≈#
≈~~~~#
#≈≈~≈≈≈#
≈≈≈†~#
#≈~~~~≈#
≈~~~~#
#≈≈~~~≈#
..~.##
#≈≈~~#≈#
~..~≈#
#≈≈≈#~~#
....≈#
#≈≈≈l.~#
~~≈≈≈#
#≈≈≈†@S#
~~≈≈≈#
#≈≈≈#~S#
~~~≈≈#
#≈~≈~#≈#
≈≈~~≈#
#≈~~~~≈#
≈~~~~#
#≈~~~~≈#
≈≈~~~#
#≈~~~≈≈#
≈~≈~~#
#≈~≈~≈~#
~~...#
#..~.~##
.....#
#......


You could see 2 ball pythons and a frilled lizard.

Vanquished Creatures
  Sigmund (D:2)
  2 bullfrogs (Sewer)
  Crazy Yiuf (D:2)
  Jessica (D:2)
  6 adders
  6 gnolls (D:3)
  8 river rats
  A white imp (D:3)
  3 worms
  2 endoplasms
  2 giant cockroaches
  2 goblins (D:1)
  5 hobgoblins
  4 jackals
  8 quokkas
  16 ball pythons
  5 bats
  3 frilled lizards
  7 kobolds
  21 rats
104 creatures vanquished.

Vanquished Creatures (collateral kills)
  A ball python (Sewer)
  A rat (Sewer)
2 creatures vanquished.

Vanquished Creatures (others)
  A ball python (Sewer)
1 creature vanquished.

Grand Total: 107 creatures vanquished

Notes
Turn   | Place    | Note
-------+----------+-------------------------------------------
     0 | D:1      | heikuro the Formicid Fighter began the quest for the Orb.
     0 | D:1      | Reached XP level 1. HP: 18/18 MP: 1/1
    23 | D:1      | Found Giloq's Weapon Shoppe.
    61 | D:1      | Reached XP level 2. HP: 11/24 MP: 2/2
   208 | D:1      | Reached skill level 1 in Long Blades
   232 | D:1      | Reached XP level 3. HP: 29/29 MP: 3/3
   376 | D:1      | Found Dap Voer's Distillery.
   700 | D:2      | Reached XP level 4. HP: 18/37 MP: 4/4
   856 | D:2      | Noticed Sigmund
   873 | D:2      | Killed Sigmund
   874 | D:2      | Reached skill level 5 in Shields
   874 | D:2      | Reached XP level 5. HP: 18/42 MP: 5/5
   874 | D:2      | Reached XP level 6. HP: 20/48 MP: 6/6
  1095 | D:2      | Noticed Jessica
  1108 | D:2      | Killed Jessica
  1399 | D:2      | Found a faded altar of an unknown god.
  1463 | D:2      | Found a runed translucent door.
  1464 | D:2      | Noticed Crazy Yiuf
  1472 | D:2      | Killed Crazy Yiuf
  1810 | D:3      | Reached XP level 7. HP: 30/55 MP: 7/7
  1933 | D:3      | Found a glowing drain.
  1939 | Sewer    | Entered a sewer
  2494 | Sewer    | Reached skill level 6 in Shields
  2501 | Sewer    | Reached skill level 5 in Fighting
  2501 | Sewer    | Reached skill level 5 in Armour
  2502 | Sewer    | HP: 1/56 [ball python (3)]
  2503 | Sewer    | Slain by a frilled lizard

Illustrated notes

Levels and vault maps discovered:
D:1:      amcnicky_arrival_feature_with_door, layout_basic, serial_shops,
          nicolae_shop_waterfront, nicolae_shop_bloodbath_and_beyond,
          minmay_tall_x
D:2:      layout_basic, shapermc_ecumenical_altar_mp_urbaneastern, uniq_jessica,
          uniq_sigmund, uniq_crazy_yiuf_cottage
D:3:      minmay_bubble_buster, layout_basic, okawaru_altar_gauntlet_db,
          gup_sewer_entry_spiral
Sewer:    sewer_minmay_w

Skill      XL: |  1  2  3  4  5  6  7 |
---------------+----------------------+-----
Long Blades    | 1 3 4 |  4.7
Fighting       | 4 5 |  5.0
Armour         | 4 5 |  5.0
Shields        | 5 6 |  6.1
Maces & Flails | |  2.0

Action                   |  1- 3 |  4- 6 |  7- 9 || total
-------------------------+-------+-------+-------++-------
Melee: Flail             |    83 |   118 |   187 ||   388
  Use: Scroll            |     1 |       |       ||     1
       Potion            |       |     1 |     1 ||     2
Armor: Scale mail        |    35 |    24 |       ||    59
       Chain mail        |       |    31 |   173 ||   204
Dodge: Dodged            |    54 |    55 |   118 ||   227
Block: Buckler           |    21 |    42 |    65 ||   128

Table legend: (Time is in decaauts)
 A = Elapsed time spent in this place.
 B = Non-inter-level travel time spent in this place.
 C = Inter-level travel time spent in this place.
 D = Time resting spent in this place.
 E = Time spent auto-exploring this place.
 F = Levels seen in this place.
 G = Mean time per level.
                   A        B        C        D        E       F      G
               +--------+--------+--------+--------+--------+-----+--------+
         Total |   2700 |   2646 |     54 |    560 |    713 |   4 |  675.0 |
       Dungeon |   2039 |   1985 |     54 |    345 |    713 |   3 |  679.7 |
         Sewer |    661 |    661 |      0 |    215 |      0 |   1 |  661.0 |
               +--------+--------+--------+--------+--------+-----+--------+

Top non-repeatable levels by time:
     D:2: 996 daAuts
   Sewer: 661 daAuts
     D:1: 607 daAuts
     D:3: 435 daAuts
